 Dungeon Crawl Stone Soup version 0.29-a0-878-g7b45a56547 (webtiles) character file.

Game seed: 2529802270482873943

66 jlumianski the Chiller (level 3, 0/24 HPs)
             Began as a Demonspawn Ice Elementalist on July 20, 2022.
             Slain by Jessica
             ... wielding a +0 dagger
              (1 damage)
             ... on level 2 of the Dungeon.
             The game lasted 00:11:33 (1805 turns).

jlumianski the Chiller (DsIE)                       Turns: 1805, Time: 00:11:34

Health: 0/24       AC:  3    Str: 14    XL:     3   Next: 96%
Magic:  5/7        EV: 12    Int: 18    God:
Gold:   65         SH:  0    Dex: 13    Spells: 3/7 levels left

rFire   . . .      SeeInvis .   k - +0 short sword
rCold   . . .      Faith    .   (no shield)
rNeg    . . .      Spirit   .   f - +0 leather armour
rPois   .          Reflect  .   (no helmet)
rElec   .          Harm     .   (no cloak)
rCorr   .          Rampage  .   (no gloves)
Will    .....                   (no boots)
Stlth   ++........              (no amulet)
HPRegen 0.08/turn               h - +6 ring of strength
MPRegen 0.10/turn               (no ring)

@: mighty
A: demonic magic 1
a: no special abilities


You were on level 2 of the Dungeon.
You visited 1 branch of the dungeon, and saw 3 of its levels.

You collected 65 gold pieces.

Inventory:

Hand Weapons
 d - a +0 dagger
 k - a +0 short sword (weapon)
Missiles
 e - 15 stones (quivered)
 m - 4 poisoned darts
 o - 2 throwing nets
Armour
 a - a +0 robe
 f - a +0 leather armour (worn)
 p - a +0 leather armour
Jewellery
 h - a +6 ring of strength (left hand)
Wands
 l - a wand of roots (9)
Scrolls
 c - a scroll of silence {unknown}
 j - a scroll of vulnerability {unknown}
Potions
 b - a potion of magic
 g - a potion of might
 i - 2 potions of curing {unknown}
 n - a potion of heal wounds {unknown}


   Skills:
 + Level 0.1 Fighting
 + Level 0.2 Short Blades
 + Level 0.4 Armour
 + Level 2.0 Dodging
 + Level 1.9 Stealth
 + Level 2.9 Spellcasting
 + Level 4.2 Ice Magic


You had 3 spell levels left.
You knew the following spells:

 Your Spells              Type           Power      Damage    Failure   Level
a - Freeze                Ice            68%        1d8       3%          1
b - Frozen Ramparts       Ice            34%        1d5       11%         3

Your spell library contained the following spells:

 Spells                   Type           Power      Damage    Failure   Level
 Ozocubu's Armour         Ice            17%        N/A       11%         3
 Beastly Appendage        Tmut           4%         N/A       22%         1
 Sandblast                Erth           4%         2d4       22%         1
 Wereblood                Tmut           2%         N/A       32%         2
 Spider Form              Tmut/Pois      2%         N/A       54%         3
 Hailstorm                Conj/Ice       10%        3d5       65%         4
 Animate Armour           Summ/Erth      4%         N/A       91%         4
 Cause Fear               Hex            1%         N/A       91%         4
 Iron Shot                Conj/Erth      1%         9d1       100%        6


Dungeon Overview and Level Annotations

Branches:
Dungeon (3/15)

Altars:

Annotations:
D:2 Jessica


Innate Abilities, Weirdness & Mutations

Spells you cast may paralyse adjacent enemies.


Message History

The ball python hisses angrily.
Casting: Frozen Ramparts (quite dangerous; 11% risk of failure)
Confirm with . or Enter, or press ? or * to list all spells.
The spell is quite dangerous to miscast (11% risk of failure)!
Continue anyway?
Casting: Frozen Ramparts (quite dangerous; 11% risk of failure)
Press: ? - help, Dir - look around, f - activate The walls around you are covered in ice.
Malevolent energies surge around you.
The jackal suddenly stops moving! x2
The wall freezes the jackal. x2
The helpless jackal fails to defend itself.
You hit the jackal.
The jackal is heavily wounded.
The wall freezes the jackal. x2
You kill the jackal!
The wall freezes the jackal.
You kill the jackal!
Jessica the Apprentice Sorceress comes into view.
She is wielding a +0 dagger and carrying a wand of quicksilver (7).
You barely miss the ball python.
The wall freezes the ball python.
The ball python bites you but does no damage.
The ball python grabs you. The ball python constricts you.
Jessica gestures wildly while chanting.
Jessica blinks!
You hit the ball python.
You kill the ball python!
Jessica casts a spell.
Jessica blinks!
Jessica casts a spell.
Jessica seems to speed up.
The frozen ramparts melt away.
Jessica zaps a wand.
The bolt of dispelling energy hits you!!
Ouch! That really hurt!
* * * LOW HITPOINT WARNING * * *
Jessica mumbles some strange words.
Jessica blinks!
It was a potion of might.
You feel very mighty all of a sudden.
You closely miss Jessica. Jessica hits you with a +0 dagger.
* * * LOW HITPOINT WARNING * * *
Jessica hits you with a +0 dagger.
You die...

## ### #.######.# #..
...#.# #.####.#.#
#####........########
............@†.....#
##..###..#.#@.#.#..
#.......#.#.....
#.#####..##...........#
.....................##
#######.###..........#
#######.###...#.#....'
.....................#.
..........#..........#
##.....


You could see Jessica (fast).

Vanquished Creatures
  An adder (D:2)
  A worm (D:2)
  A dart slug (D:1)
  An orc (D:3)
  4 bats
  2 endoplasms (D:1)
  3 giant cockroaches
  7 goblins
  2 hobgoblins (D:1)
  9 jackals
  2 kobolds (D:1)
  3 ball pythons
  4 frilled lizards
  6 rats
46 creatures vanquished.

Notes
Turn   | Place    | Note
-------+----------+-------------------------------------------
     0 | D:1      | jlumianski the Demonspawn Ice Elementalist began the quest
                  | for the Orb.
     0 | D:1      | Reached XP level 1. HP: 13/13 MP: 3/3
   272 | D:1      | Gained mutation: Spells you cast may paralyse adjacent
                  | enemies. [demonic ancestry]
   272 | D:1      | Reached XP level 2. HP: 18/19 MP: 1/5
   374 | D:1      | Reached skill level 4 in Ice Magic
   434 | D:1      | Got the Volume of Iron Enchantment
   830 | D:1      | Reached XP level 3. HP: 24/24 MP: 6/6
   839 | D:1      | Learned a level 3 spell: Frozen Ramparts
  1794 | D:2      | Noticed Jessica
  1805 | D:2      | HP: 1/24 [Jessica/+0 dagger (4)]
  1805 | D:2      | Slain by Jessica

Illustrated notes

Levels and vault maps discovered:
D:1:      amcnicky_arrival_choice, layout_basic,
          amcnicky_mini_rare_corridor_liquid
D:2:      layout_basic, kennysheep_jessica_study
D:3:      minmay_general_purpose_star, layout_basic,
          nicolae_overflow_hidden_temple, minivault_25,
          minmay_shallow_snake_nest

Skill      XL: |  1  2 |
---------------+-------+-----
Ice Magic      | 4 |  4.2
Dodging        | 2 |  2.0
Fighting       | |  0.1
Short Blades   | |  0.2
Armour         | |  0.4
Stealth        | |  1.9
Spellcasting   | |  2.9

Action                   || total
-------------------------++-------
Melee: Dagger            ||    31
       Short sword       ||    21
Throw: Stone             ||     5
 Cast: Freeze            ||    31
       Frozen Ramparts   ||     7
  Use: Potion            ||     1
 Stab: Paralysed         ||     6
       Sleeping          ||     2
Armor: Robe              ||     1
       Leather armour    ||    18
Dodge: Dodged            ||    58

Table legend: (Time is in decaauts)
 A = Elapsed time spent in this place.
 B = Non-inter-level travel time spent in this place.
 C = Inter-level travel time spent in this place.
 D = Time resting spent in this place.
 E = Time spent auto-exploring this place.
 F = Levels seen in this place.
 G = Mean time per level.
                   A        B        C        D        E       F      G
               +--------+--------+--------+--------+--------+-----+--------+
         Total |   1808 |   1775 |     33 |    170 |    773 |   3 |  602.7 |
       Dungeon |   1808 |   1775 |     33 |    170 |    773 |   3 |  602.7 |
               +--------+--------+--------+--------+--------+-----+--------+

Top non-repeatable levels by time:
     D:1: 1266 daAuts
     D:2: 475 daAuts
     D:3: 66 daAuts
